 Dungeon Crawl Stone Soup version 0.17-a0-484-g0e03f6a (webtiles) character file.

29698 Chiseanne the Quickloader (level 13, 0/68 HPs)
             Began as a Vine Stalker Wanderer on Apr 10, 2015.
             Was a High Priest of Okawaru.
             Slain by a porcupine (9 damage)
             ... on level 7 of the Lair of Beasts.
             The game lasted 01:13:17 (15399 turns).

Chiseanne the Quickloader (Vine Stalker Wanderer)  Turns: 15399, Time: 01:13:17

Health: 0/68       AC:  0    Str: 18    XL:     13   Next: 46%
Magic:  0/18       EV: 16    Int: 12    God:    Okawaru [*****.]
Gold:   657        SH:  0    Dex: 16    Spells: 2 memorised, 12 levels left

rFire  + . .     SeeInvis .     s - +2 whip (elec)
rCold  . . .     Clarity  .     K - +2 ring mail of Spring {Regen+}
rNeg   . . .     SustAb   .     (no shield)
rPois  +         Gourm    .     n - +1 helmet
rElec  .         Spirit   +     H - +1 cloak
rCorr  .         Warding  .     (no gloves)
rMut   .         Stasis   .     (no boots)
MR     +....                    G - amulet of faith
Stlth  ++........               U - ring of poison resistance
                                A - ring of protection from fire

@: corroded equipment, somewhat resistant to hostile enchantments, unstealthy
A: fangs 3, regeneration 3, shaggy fur 1, magic shield, antimagic bite, no
device heal 3, rot immunity
a: Heroism, Finesse, Renounce Religion


You were on level 7 of the Lair of Beasts.
You worshipped Okawaru.
Okawaru was extremely pleased with you.
You were hungry.

You visited 3 branches of the dungeon, and saw 17 of its levels.
You also visited: Sewer.

You collected 1108 gold pieces.
You spent 451 gold pieces at shops.

Inventory:

Hand weapons
 a - a +1 flail of holy wrath
 d - a +1 morningstar of crushing
 q - a +0 blowgun
 s - a +2 whip of electrocution (weapon)
 w - a +1 hand crossbow
Missiles
 e - 2 throwing nets
 h - 25 silver bolts
 i - 21 bolts of penetration
 u - 42 arrows
 B - 54 poisoned needles
 J - 30 poisoned bolts
 M - 3 bolts of frost
 N - 5 steel tomahawks (quivered)
 S - 10 steel bolts
 Y - 2 bolts
Armour
 n - a +1 helmet (worn)
 y - the +1 plate armour "Kihiar" {rF+ Str+4}
   (You found it on level 2 of the Lair of Beasts)

   It affects your strength (+4).
   It protects you from fire.
 H - a +1 cloak (worn)
 K - the +2 ring mail of Spring (worn) {Regen+}
   (You bought it in a shop on level 5 of the Dungeon)

   It increases your rate of regeneration.
 X - a +2 ring mail of magic resistance {god gift}
Jewellery
 j - an uncursed ring of positive energy
 l - an uncursed ring of magical power
 r - an uncursed amulet of stasis
 t - an uncursed ring of ice
 A - a ring of protection from fire (left hand)
 G - an amulet of faith (around neck)
 O - an uncursed ring of protection from magic
 U - a ring of poison resistance (right hand)
Magical devices
 I - a wand of cold (8)
 L - a wand of disintegration (8)
 P - a wand of digging (8)
 V - a wand of teleportation (3)
Scrolls
 c - 8 scrolls of remove curse
 g - 5 scrolls of magic mapping
 k - 4 scrolls of teleportation
 z - 2 scrolls of recharging
 F - a scroll of blinking
 R - 3 scrolls of fear
 W - a scroll of amnesia
Potions
 m - 5 potions of curing
 p - a potion of invisibility
 v - 2 potions of mutation
 x - 2 potions of cure mutation
 E - a potion of restore abilities
 Q - 2 potions of magic
 T - 2 potions of ambrosia
 Z - a potion of brilliance {unknown}
Books
 b - a book of the Sky

   Spells                             Type                      Level
   a - Flight                         Charms/Air                   3
   b - Airstrike                      Air                          4
   c - Silence                        Hexes/Air                    5
   d - Deflect Missiles               Charms/Air                   6
   e - Conjure Ball Lightning         Conjuration/Air              6
   f - Tornado                        Air                          9
 o - a Young Poisoner's Handbook

   Spells                             Type                      Level
   a - Sting                          Conjuration/Poison           1
   b - Cure Poison                    Poison                       2
   c - Mephitic Cloud                 Conjuration/Poison/Air       3
   d - Olgreb's Toxic Radiance        Poison                       4
   e - Venom Bolt                     Conjuration/Poison           5
Comestibles
 f - 6 bread rations
 D - 6 meat rations


   Skills:
 - Level 8.3 Fighting
 - Level 6.3 Maces & Flails
   Level 1.0(4.0) Staves
 - Level 10.8 Crossbows
 - Level 1.0 Throwing
 - Level 9.6 Armour
 - Level 9.0 Dodging
 - Level 2.4 Stealth
 + Level 3.0 Spellcasting
 + Level 3.0 Fire Magic


You had 12 spell levels left.
You knew the following spells:

 Your Spells              Type           Power        Failure   Level  Hunger
a - Conjure Flame         Conj/Fire      #.......     71%         3    ###....
b - Inner Flame           Hex/Fire       #.......     71%         3    ###....


Dungeon Overview and Level Annotations

Branches:
Dungeon (9/15)             Temple (1/1) D:5            Lair (7/8) D:9
 Shoals (0/5) Lair:6
  Snake: Lair:3-6    Spider: Lair:3-6     Slime: Lair:6-8       Orc: D:9-12

Altars:
Ashenzari
Cheibriados
Dithmenos
Elyvilon
Fedhas
Gozag
Kikubaaqudgha
Makhleb
Nemelex Xobeh
Okawaru
Qazlal
Ru
Sif Muna
Trog
Vehumet
Yredelemnul
Zin
The Shining One

Shops:
D:4 *   D:5 [

Annotations:
D:3 DeadSlay's ghost, weakling FoFi
Lair:5 NESSOS!!! schläft, Nessos
Lair:7 exclusion: oklob plant


Innate Abilities, Weirdness & Mutations

You have razor-sharp teeth.
You regenerate.
You are covered in fur (AC +1).
When hurt, damage is shared between your health and your magic reserves.
Your bite disrupts and absorbs the magic of your enemies.
Potions and wands cannot restore your health.
You are immune to rotting.


Message History

The porcupine misses you. The porcupine bites you!
The oklob plant spits acid at you. The splash of acid hits you!
The acid burns!
You hit the oklob plant but do no damage.
The oklob plant is heavily damaged.
The porcupine closely misses you. The porcupine bites you.
You hit the oklob plant but do no damage.
The oklob plant is heavily damaged.
The porcupine bites you. The porcupine barely misses you.
You hit the oklob plant but do no damage.
You bite the oklob plant. You drain its power.
You feel invigorated.
The oklob plant is severely damaged.
The porcupine bites you but does no damage.
The oklob plant spits acid at you. The splash of acid hits you!
* * * LOW HITPOINT WARNING * * *
The acid corrodes your equipment!
The acid burns!
* * * LOW HITPOINT WARNING * * *
The porcupine bites you!
You die...

....#
##.#P.......##
....# ##
####.#.....#
.#.. ...
#..##...## ...
..... #####....#
.. #....
###.....# ..
#...# #....#.##
.
#....####....###
..
#P..r.##PP...# .
#.P@.P...### .
#..r.....# .
#.......## .
##.....## .
##...... .
.........
..........
.......####
......#


You could see an oklob plant and 2 porcupines.

Vanquished Creatures
  Fannar (Lair:1)
  7 hydras
  2 sirens (Lair:6)
  9 elephants
  3 black mambas
  8 spiny frogs
  2 komodo dragons
  The ghost of gleb877 the Stinger, an experienced DsVM of Sif Muna (D:5)
  A fire drake (Lair:4)
  A merfolk (Lair:6)
  A troll (D:9)
  A polar bear (Lair:3)
  2 wandering mushrooms (D:9)
  11 blink frogs
  A boulder beetle (Lair:6)
  A wraith (D:7)
  2 basilisks
  19 yaks
  10 swamp worms (Lair:2)
  A hungry ghost (D:8)
  7 water moccasins
  2 hippogriffs
  10 wolves
  5 sky beasts
  Purgy (Sewer)
  A black bear (D:8)
  An orc warrior (D:8)
  A phantom (D:6)
  8 porcupines
  6 ice beasts (Lair:1)
  An ogre (D:4)
  9 crocodiles
  2 centaurs
  5 big kobolds
  7 giant frogs
  6 scorpions
  An electric eel (Lair:4)
  5 wights (D:8)
  3 jellies
  A goliath beetle (D:8)
  A giant frog zombie (D:8)
  2 centaur zombies
  A gnoll shaman (D:8)
  2 giant frog skeletons
  3 crimson imps
  3 orc priests
  Ijyb (D:2)
  6 iguanas
  6 orc wizards
  7 hounds
  A quasit (D:9)
  7 worker ants
  14 sheep
  2 worker ant zombies
  7 gnolls
  23 adders
  21 river rats
  12 worms
  3 adder zombies
  2 adder skeletons
  13 giant geckos
  27 orcs
  17 bats
  2 bat skeletons (D:4)
  5 giant cockroaches
  7 goblins
  13 hobgoblins
  16 jackals
  A ball python (D:1)
  A giant gecko skeleton (D:5)
  7 giant newts
  57 kobolds
  6 quokkas
  A quokka skeleton (D:7)
  18 rats
  15 fungi
  4 plants
500 creatures vanquished.

Vanquished Creatures (others)
  2 river rats (Lair:1)
  4 fungi (D:9)
  A plant (Lair:2)
7 creatures vanquished.

Grand Total: 507 creatures vanquished

Notes
Turn   | Place    | Note
--------------------------------------------------------------
     0 | D:1      | Chiseanne, the Vine Stalker Wanderer, began the quest for the Orb.
     0 | D:1      | Chiseanne set off with: a +2 leather armour, a +0 mace, a +0 hand crossbow, a +0 dagger, 21 bolts, a bread ration
     0 | D:1      | Reached XP level 1. HP: 11/11 MP: 2/2
   129 | D:1      | Reached skill level 3 in Fighting
   185 | D:1      | Reached XP level 2. HP: 16/16 MP: 3/3
   776 | D:1      | Reached XP level 3. HP: 18/20 MP: 4/4
  1179 | D:2      | Noticed Ijyb
  1191 | D:2      | Killed Ijyb
  1191 | D:2      | Reached skill level 4 in Fighting
  1191 | D:2      | Reached XP level 4. HP: 21/25 MP: 3/5
  1969 | D:3      | Found a glowing golden altar of the Shining One.
  1992 | D:3      | Noticed DeadSlay's ghost (weakling FoFi)
  2014 | D:3      | Reached XP level 5. HP: 30/30 MP: 6/6
  2494 | D:3      | Found a deep blue altar of Sif Muna.
  2936 | D:4      | Reached skill level 5 in Fighting
  3029 | D:4      | Gained mutation: You heal very quickly. [Vine Stalker growth]
  3029 | D:4      | Reached XP level 6. HP: 35/35 MP: 7/7
  3122 | D:4      | Noticed an ogre
  3135 | D:4      | Killed an ogre
  3240 | D:4      | Found Ediakh's Assorted Antiques.
  3309 | D:4      | Bought a twisted ruby ring for 115 gold pieces
  3309 | D:4      | Bought a scroll labeled CUTES RESKI for 23 gold pieces
  3309 | D:4      | Bought an emerald potion for 20 gold pieces
  3500 | D:4      | Reached XP level 7. HP: 39/39 MP: 8/8
  4286 | D:5      | Entered Level 5 of the Dungeon
  4319 | D:5      | Gained mutation: You have razor-sharp teeth. [Vine Stalker growth]
  4319 | D:5      | Reached XP level 8. HP: 33/43 MP: 6/9
  4507 | D:5      | Noticed gleb877's ghost (experienced DsVM)
  4529 | D:6      | Reached skill level 5 in Crossbows
  4529 | D:6      | Reached skill level 5 in Dodging
  4688 | D:6      | Found a glowing drain.
  4738 | Sewer    | Entered a sewer
  4799 | Sewer    | Noticed Purgy
  4812 | Sewer    | Killed Purgy
  5053 | D:6      | Found a stormy altar of Qazlal.
  5336 | D:6      | Reached skill level 6 in Crossbows
  5489 | D:7      | Reached skill level 1 in Armour
  5489 | D:7      | Reached XP level 9. HP: 48/48 MP: 10/10
  5962 | D:5      | Found a staircase to the Ecumenical Temple.
  5964 | D:5      | Found Juat's Antique Armour Emporium.
  5974 | D:5      | Bought a polished ring mail for 252 gold pieces
  5985 | Temple   | Entered the Ecumenical Temple
  5997 | Temple   | Identified the +2 ring mail of Spring {Regen+} (You bought it in a shop on level 5 of the Dungeon)
  6155 | D:5      | Killed gleb877's ghost
  6674 | D:4      | Bought 2 puce potions for 41 gold pieces
  6784 | D:8      | Reached skill level 5 in Armour
  7270 | D:8      | Reached XP level 10. HP: 43/53 MP: 8/11
  7339 | D:8      | Reached skill level 7 in Armour
  7643 | D:9      | Found an iron altar of Okawaru.
  7653 | D:9      | Became a worshipper of Warmaster Okawaru
  8006 | D:9      | Found a staircase to the Lair.
  8038 | D:9      | Reached skill level 1 in Maces & Flails
  8107 | D:9      | Found an opulent altar of Gozag.
  8413 | D:9      | Acquired Okawaru's first power
  8730 | D:9      | Found a sacrificial altar of Ru.
  8730 | D:9      | Found a glowing golden altar of the Shining One.
  8866 | Lair:1   | Entered Level 1 of the Lair of Beasts
  8961 | Lair:1   | Learned a level 3 spell: Conjure Flame
  8965 | Lair:1   | Learned a level 3 spell: Inner Flame
  9041 | Lair:1   | Reached skill level 1 in Fire Magic
  9110 | Lair:1   | Reached skill level 1 in Spellcasting
  9135 | Lair:1   | Reached skill level 8 in Crossbows
  9202 | Lair:1   | Noticed Fannar
  9234 | Lair:1   | Reached XP level 11. HP: 56/56 MP: 13/13
  9277 | Lair:1   | Killed Fannar
  9444 | Lair:1   | Noticed a seven-headed hydra
  9462 | Lair:1   | Killed a seven-headed hydra
  9578 | Lair:1   | Received a gift from Okawaru
  9592 | Lair:1   | Noticed a six-headed hydra
  9608 | Lair:1   | Killed a six-headed hydra
  9608 | Lair:1   | Reached skill level 9 in Crossbows
 10473 | Lair:2   | Got a transparent plate armour
 10560 | Lair:2   | Identified the +1 plate armour "Kihiar" {rF+ Str+4} (You found it on level 2 of the Lair of Beasts)
 10865 | Lair:2   | Received a gift from Okawaru
 11130 | Lair:2   | Noticed a four-headed hydra
 11176 | Lair:2   | Killed a four-headed hydra
 11176 | Lair:2   | Received a gift from Okawaru
 11176 | Lair:2   | Gained mutation: You regenerate. [Vine Stalker growth]
 11176 | Lair:2   | Reached XP level 12. HP: 31/62 MP: 12/17
 11958 | Lair:3   | Received a gift from Okawaru
 12081 | Lair:3   | Acquired Okawaru's second power
 12091 | Lair:3   | Received a gift from Okawaru
 12704 | Lair:4   | Noticed a four-headed hydra
 12712 | Lair:4   | Killed a four-headed hydra
 12850 | Lair:4   | Received a gift from Okawaru
 12862 | Lair:4   | Reached skill level 5 in Maces & Flails
 12936 | Lair:4   | Found a sacrificial altar of Ru.
 12996 | Lair:4   | Received a gift from Okawaru
 13089 | Lair:4   | Reached skill level 10 in Crossbows
 13551 | Lair:5   | Noticed Nessos
 14023 | Lair:6   | Reached XP level 13. HP: 36/68 MP: 15/18
 14053 | Lair:6   | Noticed a seven-headed hydra
 14070 | Lair:6   | Killed a seven-headed hydra
 14181 | Lair:6   | Found a staircase to the Shoals.
 15216 | Lair:7   | Received a gift from Okawaru
 15399 | Lair:7   | Slain by a porcupine

Action                   |  1- 3 |  4- 6 |  7- 9 | 10-12 | 13-15 || total
-------------------------+-------+-------+-------+-------+-------++-------
Melee: Mace              |    35 |       |       |       |       ||    35
       Flail             |       |    20 |   228 |    40 |       ||   288
       Hand crossbow     |       |       |     1 |       |       ||     1
       Whip              |       |       |       |   746 |   242 ||   988
       Morningstar       |       |       |       |    19 |       ||    19
 Fire: Hand crossbow     |    43 |   174 |   280 |   168 |    22 ||   687
       Blowgun           |       |       |       |     8 |       ||     8
       Arbalest          |       |       |       |    23 |       ||    23
Invok: Heroism           |       |       |       |     8 |     3 ||    11
Evoke: Wand              |       |       |     2 |       |     6 ||     8
  Use: Scroll            |       |    12 |     9 |    14 |     2 ||    37
       Potion            |       |       |     2 |     5 |     2 ||     9
 Stab: Sleeping          |       |       |     7 |       |       ||     7
       Invisible         |       |       |     1 |     3 |       ||     4
  Eat: Chunk             |     1 |     7 |    10 |    19 |       ||    37
       Fruit             |       |       |     3 |       |       ||     3
       Beef jerky        |       |       |       |     1 |       ||     1
       Pizza             |       |       |       |     3 |       ||     3
       Bread ration      |       |       |       |       |     1 ||     1
